 Dungeon Crawl Stone Soup version 0.30-a0-368-g86fb4627a9 (webtiles) character file.

Game seed: 1681251350891476221

65 Shayle the Trooper (level 4, -1/42 HPs)
             Began as a Naga Reaver on Nov 18, 2022.
             Slain by a gnoll
             ... wielding a +0 spear
              (5 damage)
             ... on level 3 of the Dungeon.
             The game lasted 00:04:33 (1631 turns).

Shayle the Trooper (Naga Reaver)                    Turns: 1631, Time: 00:04:34

Health: -1/42      AC:  5    Str: 14    XL:     4   Next: 14%
Magic:  7/7        EV:  8    Int: 16    God:
Gold:   103        SH:  0    Dex:  9    Spells: 6/7 levels left

rFire   . . .      SeeInvis +    j - +0 war axe
rCold   . . .      Faith    .    (no shield)
rNeg    . . .      Spirit   .    i - +0 ring mail
rPois   +          Reflect  .    m - +0 helmet
rElec   .          Harm     .    (no cloak)
rCorr   .          Rampage  .    d - +0 pair of gloves
Will    .....                    (no barding)
Stlth   ..........               (no amulet)
HPRegen 0.27/turn                (no ring)
MPRegen 0.10/turn                (no ring)

@: short of breath, very slow
A: AC +1, large, see invisible, deformed body, poison resistance, slowness 2,
spit poison 1, naga tail 1
a: Spit Poison


You were on level 3 of the Dungeon.
You visited 1 branch of the dungeon, and saw 3 of its levels.

You collected 103 gold pieces.

Inventory:

Hand Weapons
 a - a +0 hand axe
 j - a +0 war axe (weapon)
Missiles
 n - 13 poisoned darts
 o - 5 atropa-tipped darts
Armour
 b - a +0 leather armour
 d - a +0 pair of gloves (worn)
 i - a +0 ring mail (worn)
 m - a +0 helmet (worn)
Scrolls
 e - a scroll of silence {unknown}
 h - a scroll of noise {unknown}
 l - a scroll of poison {unknown}
Potions
 f - a potion of curing
 g - a potion of ambrosia


   Skills:
 + Level 3.3 Fighting
 - Level 3.0 Axes
 + Level 2.7 Dodging
 - Level 2.0 Spellcasting
 - Level 3.0 Conjurations


You had 6 spell levels left.
You knew the following spells:

 Your Spells              Type           Power      Damage    Failure   Level
a - Kiss of Death         Conj/Necr      24%        2d7       22%         1

Your spell library contained the following spells:

 Spells                   Type           Power      Damage    Failure   Level
 Momentum Strike          Conj/Tloc      12%        3d8       34%         2
 Hailstorm                Conj/Ice       6%         3d4       56%         3


Dungeon Overview and Level Annotations

Branches:
Dungeon (3/15)

Altars:
Makhleb

Annotations:
D:3 1 transporter


Innate Abilities, Weirdness & Mutations

Your serpentine skin is tough. (AC +1)
You have supernaturally acute eyesight. (SInv)
Armour fits poorly on your strangely shaped body.
Your system is resistant to poisons. (rPois)
You cover ground very slowly.
You can spit poison.
You have a snake-like lower body.


Message History

The centaur kicks you but does no damage.
The gnoll barely misses you.
Casting: Kiss of Death (safe; 22% risk of failure)
Confirm with . or Enter, or press ? or * to list all spells.
You don't know that spell.
Unknown command.
You hit the centaur but do no damage.
The centaur is heavily wounded.
You barely miss the gnoll. The centaur hits you. The centaur barely misses you.
The gnoll hits you from afar with a +0 spear. x2
The gnoll hits you with a +0 flail.
The centaur hits you but does no damage.
The centaur kicks you but does no damage.
You feel better. The centaur hits you.
The centaur kicks you but does no damage.
The gnoll barely misses you. x2; The gnoll closely misses you.
Aiming: Spit Poison (1% risk of failure)
Press: ? - help, Shift-Dir - straight line, f/p - centaur
Aim: a centaur (heavily wounded, 75% to hit)
The splash of poison hits the centaur.
The centaur is heavily wounded.
The centaur hits you. The centaur kicks you. The gnoll barely misses you.
The gnoll hits you with a +0 flail!
* * * LOW HITPOINT WARNING * * *
The gnoll hits you from afar with a +0 spear.
* * * LOW HITPOINT WARNING * * *
The centaur hits you.
* * * LOW HITPOINT WARNING * * *
The centaur kicks you but does no damage.
As you read the scroll labelled VOMITHRODIDGH, it crumbles to dust.
It is a scroll of amnesia.
Really abort (and waste the scroll)?
Uppercase [Y]es or [N]o only, please.
Really abort (and waste the scroll)?
Okay, then.
The centaur closely misses you.
The centaur kicks you but does no damage.
The gnoll hits you but does no damage.
The gnoll hits you from afar with a +0 spear.
You die...

#.# .#. #.#. #
.. ...# .#..
##..##.. ##
........ .#
####..gg# .#
......cg## .##
#.@.###..#
##..)....#
#.##..#.#
#.###...####
..# #......#
#### #.####.#
#.# #.#
########.####.#
>..........##.#


You could see a centaur and 3 gnolls.

Vanquished Creatures
  2 adders (D:2)
  2 worms (D:2)
  A dart slug (D:1)
  An orc (D:3)
  4 endoplasms
  2 giant cockroaches (D:1)
  A goblin (D:2)
  2 hobgoblins
  2 jackals (D:2)
  3 kobolds
  2 quokkas
  3 ball pythons
  6 bats
  A frilled lizard (D:2)
  8 rats
40 creatures vanquished.

Notes
Turn   | Place    | Note
-------+----------+-------------------------------------------
     0 | D:1      | Shayle the Naga Reaver began the quest for the Orb.
     0 | D:1      | Reached XP level 1. HP: 19/19 MP: 3/3
   120 | D:1      | Reached XP level 2. HP: 27/27 MP: 5/5
   698 | D:2      | Found a burning altar of Makhleb.
   903 | D:2      | Reached XP level 3. HP: 29/33 MP: 6/6
  1512 | D:3      | Found a transporter.
  1515 | D:3      | Noticed a kobold demonologist
  1528 | D:3      | Reached XP level 4. HP: 31/42 MP: 7/7
  1618 | D:3      | Noticed a centaur
  1631 | D:3      | Slain by a gnoll

Illustrated notes

Levels and vault maps discovered:
D:1:      saegor_arrival_miasma, layout_basic, palyth_stone_intersect
D:2:      layout_basic, basic_altar
D:3:      gammafunk_wand_slinger, layout_loops_ring,
          mainiacjoe_overflow_alcove_4, lemuel_doored_altar, minmay_bisected

Skill      XL: |  1  2  3 |
---------------+----------+-----
Dodging        | 2 |  2.7
Fighting       | 3 |  3.3
Axes           | |  3.0
Spellcasting   | |  2.0
Conjurations   | |  3.0

Action                   |  1- 3 |  4- 6 || total
-------------------------+-------+-------++-------
Melee: Hand axe          |    28 |       ||    28
       War axe           |    36 |    11 ||    47
 Abil: Spit Poison       |    33 |     7 ||    40
  Use: Scroll            |     3 |     1 ||     4
       Potion            |       |     2 ||     2
Armor: Leather armour    |     9 |       ||     9
       Ring mail         |    32 |    22 ||    54
Dodge: Dodged            |    43 |    21 ||    64

Table legend: (Time is in decaauts)
 A = Elapsed time spent in this place.
 B = Non-inter-level travel time spent in this place.
 C = Inter-level travel time spent in this place.
 D = Time resting spent in this place.
 E = Time spent auto-exploring this place.
 F = Levels seen in this place.
 G = Mean time per level.
                   A        B        C        D        E       F      G
               +--------+--------+--------+--------+--------+-----+--------+
         Total |   2158 |   2091 |     67 |     84 |   1575 |   3 |  719.3 |
       Dungeon |   2158 |   2091 |     67 |     84 |   1575 |   3 |  719.3 |
               +--------+--------+--------+--------+--------+-----+--------+

Top non-repeatable levels by time:
     D:2: 1027 daAuts
     D:1: 950 daAuts
     D:3: 180 daAuts
